AoeStats
← 终是欧阳失了偏旁,奈何慕容只剩顶

Arena

507266188Analyzed
4v4 RM · 15d ago on Sep 17, 2026· 45m 46s· 8 players
Game mode
Random Map
Map size
Large (8 player)
Population
200
Speed
Normal
Resources
Standard
Victory
Conquest
Starting age
Dark Age
Ending age
Imperial Age
RankedLock teamsTeams togetherTeam positionsShared explorationLock speedFull tech treeHidden civsTurbo modeCheats
Victory
Defeat
🇻🇳 Persians · Vietnam
1381
+13
🇻🇳 Turks · Vietnam
1365
+14
🇻🇳 Slavs · Vietnam
1360
+14
🇨🇳 Bohemians · China
1328
-14
🇨🇳 Franks · China
1325
-14
🇷🇺 Poles · Russia
1314
-14
🇹🇼 Italians · Taiwan
1295
-13
yes my lord
4:58 Loom
12:20 Feudal Age
13:24 Horse Collar
13:58 Double-Bit Axe
16:28 Castle Age
22:45 Imperial Age
21:09 Fletching
21:33 Bow Saw
21:51 Bodkin Arrow
22:59 Town Watch
26:41 Wheelbarrow
26:13 Heavy Plow
26:36 Scale Mail Armor
28:53 Two-Man Saw
28:34 Conscription
29:30 Squires
30:12 Bracer
32:07 Chain Mail Armor
32:12 Forging
33:24 Plate Mail Armor
32:54 Gold Mining
33:46 Padded Archer Armor
34:18 Hand Cart
34:37 Crop Rotation
36:24 Chemistry
36:39 Ballistics
36:40 Thumb Ring
36:56 Treadmill Crane
37:36 Ballistics
39:57 Elite Skirmisher
41:38 Leather Archer Armor
42:35 Pirotechnia
2265138721
10:05 Feudal Age
13:42 Castle Age
11:53 Double-Bit Axe
14:46 Bow Saw
18:01 Horse Collar
19:51 Loom
20:52 Fletching
21:46 Bodkin Arrow
36:11 Wheelbarrow
40:31 Imperial Age
37:27 Pikeman
38:08 Squires
38:09 Scale Mail Armor
38:20 Forging
38:48 Hand Cart
41:20 Halberdier
42:43 Theocracy
43:40 Chain Mail Armor
mipolin
9:59 Feudal Age
14:03 Castle Age
12:46 Double-Bit Axe
15:31 Bow Saw
20:21 Wheelbarrow
19:35 Loom
19:38 Town Watch
22:05 Scale Barding Armor
22:44 Gold Mining
25:21 Forging
26:31 Pikeman
29:06 Light Cavalry
31:13 Hand Cart
35:19 Imperial Age
33:21 Squires
33:08 Gambesons
33:09 Arson
34:31 Gold Shaft Mining
33:47 Stone Mining
36:10 #83
35:23 Halberdier
36:59 Town Patrol
38:26 Scale Mail Armor
39:01 Iron Casting
38:35 Cavalier
39:15 Husbandry
41:21 Chain Mail Armor
41:23 Paladin
43:27 Plate Mail Armor
43:58 Blast Furnace
sybertuk
11:18 Feudal Age
15:13 Castle Age
14:22 Double-Bit Axe
14:17 Horse Collar
16:23 Heavy Plow
16:44 Bow Saw
18:27 Loom
22:23 Wheelbarrow
21:33 Town Watch
23:03 Gold Mining
26:54 Imperial Age
25:04 Bloodlines
24:55 Husbandry
25:02 Scale Barding Armor
25:14 Forging
26:32 Chain Barding Armor
26:12 Stone Mining
26:30 Treadmill Crane
28:22 Iron Casting
27:08 Cavalier
27:52 Scale Mail Armor
28:42 Crop Rotation
29:23 Stone Shaft Mining
29:15 Szlachta Privileges
29:33 Conscription
30:20 Hand Cart
31:09 Blast Furnace
30:24 Chain Mail Armor
30:28 Fletching
30:21 Light Cavalry
31:50 Winged Hussar
33:41 Chemistry
33:47 Capped Ram
36:04 Town Patrol
36:36 Plate Mail Armor
36:02 Bodkin Arrow
36:20 Masonry
36:06 Murder Holes
36:42 Elite Obuch
38:05 Lechitic Legacy
41:26 Hoardings
45:36 Ballistics
45:21 Bracer
TanLN
10:34 Feudal Age
15:04 Castle Age
13:43 Double-Bit Axe
13:55 Horse Collar
15:46 Wheelbarrow
15:25 Loom
16:10 Bow Saw
16:39 Wheelbarrow
26:16 Imperial Age
23:42 Gold Mining
26:03 Fletching
27:50 Heavy Plow
28:29 Gold Shaft Mining
27:48 Stone Mining
28:14 Padded Archer Armor
32:57 Thumb Ring
36:07 Conscription
42:33 Elite Janissary
44:13 Leather Archer Armor
45:04 Husbandry
45:14 Bloodlines
46:05 Ballistics
HuynhSon
10:38 Feudal Age
14:46 Castle Age
13:26 Double-Bit Axe
16:04 Bow Saw
19:17 Loom
22:56 Horse Collar
27:00 Husbandry
27:25 Scale Barding Armor
30:47 Imperial Age
28:09 Stone Mining
28:10 Gold Mining
29:14 Bloodlines
30:11 Wheelbarrow
29:48 Forging
30:34 Gold Shaft Mining
32:13 Hand Cart
31:23 Elite War Elephant
32:32 Chain Barding Armor
33:22 Conscription
34:07 Plate Barding Armor
34:58 Iron Casting
34:24 Heavy Plow
35:03 Hoardings
35:35 Stone Shaft Mining
36:44 Two-Man Saw
38:05 Chemistry
37:43 Fletching
37:54 Padded Archer Armor
39:35 Citadels
40:03 Bodkin Arrow
41:47 Blast Furnace
43:22 Leather Archer Armor
43:54 Ballistics
danganharmy
10:38 Feudal Age
11:28 Double-Bit Axe
15:40 Castle Age
14:10 Man-at-Arms
16:03 Long Swordsman
29:34 Wheelbarrow
30:12 Squires
31:45 Bow Saw
31:17 Horse Collar
32:37 Hand Cart
35:20 Heavy Plow
35:12 Gold Mining
36:11 Forging
36:01 Scale Mail Armor
36:10 Loom
36:10 Town Watch
35:50 Pikeman
37:07 Gold Shaft Mining
36:22 Stone Mining
38:02 Iron Casting
37:59 Chain Mail Armor
42:35 Imperial Age
42:37 Halberdier
42:37 Two-Handed Swordsman
44:21 Blast Furnace
43:52 Plate Mail Armor
42:47 Capped Ram
44:03 Siege Ram
44:28 Champion
45:47 Crop Rotation
46:18 Two-Man Saw
终是欧阳失了偏旁,奈何慕容只剩顶
9:51 Feudal Age
15:05 Castle Age
13:23 Double-Bit Axe
13:50 Horse Collar
21:31 Bow Saw
23:11 Wheelbarrow
23:13 Gold Mining
24:15 Stone Mining
25:54 Hand Cart
26:14 Loom
29:36 Imperial Age
28:14 Stone Shaft Mining
27:56 Forging
27:46 Scale Mail Armor
30:04 Chain Mail Armor
30:26 Iron Casting
30:04 Squires
29:50 Arson
29:27 Pikeman
31:39 Chemistry
31:02 Ballistics
31:12 Conscription
30:13 Elite Teutonic Knight
32:05 Heavy Plow
33:08 Two-Man Saw
31:41 Halberdier
34:00 Blast Furnace
33:30 Plate Mail Armor
39:30 Siege Engineers
40:40 Ironclad
40:43 Crenellations
40:33 Capped Ram
42:28 Fletching
44:08 Bodkin Arrow
Connection lost

Rejoining the realm…

Still unreachable

The connection could not be restored.

Session expired

The server has moved on; the page needs a fresh start.